Map: Ascension to Aiur LE

Players

RuskuL - Winner!

  • Race: Zerg Zerg
  • League: Diamond
  • Spawn Location: 5:00

Yata

  • Race: Zerg Zerg
  • League: Platinum
  • Spawn Location: 11:00

VOD

Have the link to the VOD?

Description

Time

  • Played on: Oct. 9, 2017, 11:42 p.m.
  • Length: 10:22
Show
View Real Time Build Order
Export as new Build Order

RuskuL Zerg - Winner!

Build Orders: Hatch First, Zergling Baneling 

Get SALT Encoding   

  12  0:01  Drone  
  13  0:10  Drone  
  14  0:18  Overlord  
  14  0:37  Drone x3  
  17  0:49  Drone  
  18  1:00  Hatchery, Drone  
  18  1:03  Extractor  
  17  1:16  Spawning Pool  
  16  1:24  Drone x2  
  18  1:31  Drone  
  19  1:42  Overlord  
  19  2:05  Zergling x4  
  19  2:07  Metabolic Boost  
  19  2:08  Queen  
  23  2:11  Queen  
  23  2:15  Drone x2  
  27  2:23  Drone  
  27  2:27  Baneling Nest  
  27  2:52  Drone  
  27  2:53  Drone x2  
  27  2:56  Hatchery, Drone  
  28  3:18  Zergling x2  
  28  3:19  Zergling x8  
  33  3:22  Zergling x2  
  33  3:23  Zergling x4  
  33  3:25  Overlord  
  36  3:42  Baneling  
  36  3:43  Baneling x2  
  36  3:47  Zergling x8  
  36  3:48  Zergling x2  
  41  4:08  Baneling x4  
  41  4:09  Baneling  
  41  4:13  Zergling x12  
  46  4:54  Drone x4  
  46  4:58  Roach Warren  
  49  5:06  Overlord x2  
  49  5:08  Lair  
  49  5:10  Drone  
  49  5:11  Extractor  
  49  5:22  Drone  
  49  5:25  Extractor  
  49  5:26  Drone x3  
  49  5:27  Extractor, Drone x3  
  49  5:28  Drone x2  
  56  5:32  Queen  
  58  5:39  Drone x3  
  62  5:50  Drone x3  
  64  6:12  Drone x2  
  57  6:35  Roach  
  57  6:36  Roach x3  
  57  6:38  Overlord x3  
  65  6:51  Spine Crawler  
  64  6:58  Hydralisk Den  
  64  7:00  Spine Crawler  
  61  7:27  Roach  
  61  7:28  Roach x13  
  88  7:48  Muscular Augments  
  88  7:50  Glial Reconstitution  
  88  7:55  Overlord  
  88  7:56  Overlord x4  
  88  8:03  Hatchery  
  87  8:16  Drone x3  
  90  8:20  Hydralisk  
  90  8:21  Hydralisk x4  
  90  8:25  Ravager x2  
  90  8:26  Ravager x4  
  106  8:29  Roach  
  106  8:30  Roach  
  106  8:32  Zergling x10  
  115  9:08  Hydralisk  
  115  9:09  Hydralisk x3  
  111  9:47  Hydralisk  
  111  9:48  Hydralisk x8  
  111  9:51  Overlord x3  
  129  9:53  Drone  
  130  10:04  Evolution Chamber  
  130  10:06  Evolution Chamber  
Show
View Real Time Build Order
Export as new Build Order

Yata Zerg 

Build Orders: Hatch First 

Get SALT Encoding   

  12  0:01  Drone  
  13  0:08  Drone  
  14  0:16  Overlord  
  14  0:35  Drone x3  
  17  0:53  Hatchery  
  17  0:55  Drone  
  17  0:58  Drone  
  18  1:09  Extractor  
  17  1:13  Spawning Pool  
  17  1:17  Drone  
  17  1:20  Drone  
  18  1:29  Drone  
  19  1:50  Overlord  
  19  2:00  Queen  
  21  2:05  Queen  
  21  2:06  Zergling x4  
  25  2:12  Drone  
  26  2:17  Metabolic Boost  
  26  2:18  Drone  
  26  2:22  Drone, Evolution Chamber  
  27  2:32  Drone  
  28  2:41  Drone x2  
  28  2:42  Baneling Nest  
  29  2:45  Drone  
  30  2:57  Drone  
  30  2:58  Drone  
  32  3:06  Zergling x4  
  33  3:13  Zergling x4  
  33  3:16  Overlord x3  
  35  3:24  Zerg Melee Weapons Level 1  
  35  3:36  Drone  
  35  3:37  Drone x4  
  35  3:40  Drone  
  41  3:53  Zergling x2  
  41  3:54  Zergling x14  
  49  4:05  Spine Crawler  
  49  4:07  Baneling x3  
  49  4:09  Zergling x4  
  50  4:14  Baneling x3  
  51  4:17  Drone x2  
  50  4:47  Zergling x10  
  50  4:48  Zergling x2  
  56  5:04  Drone  
  56  5:05  Drone x3  
  60  5:07  Overlord x3  
  60  5:11  Hatchery  
  59  5:20  Zergling x2  
  60  5:28  Drone x3  
  62  5:29  Extractor  
  62  5:31  Zerg Missile Weapons Level 1  
  62  5:36  Queen  
  64  5:43  Roach Warren  
  64  5:45  Drone x2  
  67  6:00  Lair  
  65  6:24  Zergling x2  
  60  6:30  Zergling x2  
  60  6:31  Zergling x26  
  71  6:36  Baneling  
  71  6:37  Baneling x3  
  71  6:38  Roach  
  71  6:39  Roach  
  75  6:58  Drone x8  
  83  7:09  Baneling x2  
  83  7:10  Baneling  
  77  7:22  Roach x3  
  88  7:23  Roach x4  
  78  7:42  Roach x6  
  90  7:44  Overlord  
  90  7:45  Overlord x4  
  90  7:51  Glial Reconstitution  
  90  8:00  Baneling x4  
  90  8:03  Zergling x18  
  99  8:14  Roach x3  
  99  8:19  Zergling x16  
  113  8:33  Roach  
  113  8:34  Roach x2  
  119  8:38  Drone x2  
  119  8:56  Roach  
  119  8:57  Roach  
  106  9:13  Extractor  
  106  9:14  Roach x3  
  98  9:45  Overlord x3  
  94  9:46  Overlord x2  
  94  9:49  Overlord x4  
  94  9:50  Overlord x3  
Tags
 
Add a new tag
Caveats
  • Supply blocks, unpowered buildings, or Contaminate may cause inaccurate times.
  • Supply counts are checked every 10 seconds.